 Dungeon Crawl Stone Soup version 0.29-a0-340-g6efceafd81 (webtiles) character file.

Game seed: 10668274757851253152

4 pokeman the Magician (level 1, 0/10 HPs)
             Began as a Deep Elf Hedge Wizard on Apr 19, 2022.
             Slain by a ball python (2 damage)
             ... on level 1 of the Dungeon.
             The game lasted 00:00:28 (114 turns).

pokeman the Magician (Deep Elf Hedge Wizard)         Turns: 114, Time: 00:00:29

Health: 0/10       AC:  3    Str:  7    XL:     1   Next: 50%
Magic:  6/8        EV:  9    Int: 18    God:
Gold:   0          SH:  0    Dex: 14    Spells: 8/9 levels left

rFire   . . .      SeeInvis .   a - +0 dagger
rCold   . . .      Faith    .   (no shield)
rNeg    . . .      Spirit   .   b - +0 robe
rPois   .          Reflect  .   c - +0 hat
rElec   .          Harm     .   (no cloak)
rCorr   .          Rampage  .   e - +0 pair of gloves
Will    .....                   (no boots)
Stlth   ++........              (no amulet)
HPRegen 0.03/turn               (no ring)
MPRegen 0.11/turn               (no ring)

@: constricted
A: no striking features
a: no special abilities


You were on level 1 of the Dungeon.
You visited 1 branch of the dungeon, and saw 2 of its levels.

Inventory:

Hand Weapons
 a - a +0 dagger (weapon)
 f - a +2 spear of distortion
Armour
 b - a +0 robe (worn)
 c - a +0 hat (worn)
 e - a +0 pair of gloves (worn)
 g - a +0 leather armour
Potions
 d - a potion of magic


   Skills:
 + Level 0.1 Fighting
 + Level 0.1 Armour
 - Level 2.4 Dodging
 - Level 2.4 Stealth
 * Level 4.5 Spellcasting
 + Level 1.2 Conjurations
 - Level 1.1 Summonings
 - Level 1.1 Translocations


You had 8 spell levels left.
You knew the following spells:

 Your Spells              Type           Power      Damage    Failure   Level
a - Magic Dart            Conj           32%        1d4       9%          1

Your spell library contained the following spells:

 Spells                   Type           Power      Damage    Failure   Level
 Slow                     Hex            16%        N/A       14%         1
 Blink                    Tloc           16%        N/A       14%         2
 Call Imp                 Summ           8%         N/A       14%         2
 Conjure Flame            Conj/Fire      6%         6-21      32%         3
 Mephitic Cloud           Conj/Pois/Air  5%         N/A       34%         3


Dungeon Overview and Level Annotations

Branches:
Dungeon (2/15)

Altars:


Message History

The hobgoblin hits you but does no damage.
You climb upwards.
The kobold shouts!
The ball python hisses angrily.
Found a short sword and a leather armour.
Found a stone staircase leading down.
There is a stone staircase leading down here.
The hobgoblin attacks as you move away! The hobgoblin closely misses you.
A jackal and a goblin come into view.
A frilled lizard comes into view.
There is a stone staircase leading down here.
The hobgoblin attacks as you move away!
The hobgoblin hits you. 2 jackals come into view.
Found a book of Armaments.
You see here a +0 leather armour.
g - a +0 leather armour The goblin hits you with a +0 club.
The hobgoblin misses you.
The ball python attacks as you move away!
The ball python closely misses you.
Found a faded altar of an unknown god.
The jackal barks! x2; You hear a bark!
The goblin closely misses you.
The ball python attacks as you move away!
The ball python bites you.
A kobold comes into view. It is wielding a +0 club.
The ball python bites you. The ball python closely misses you.
The ball python attacks as you move away!
The ball python completely misses you. The ball python closely misses you.
The kobold shouts!
You hear an angry hiss.
A kobold comes into view. It is wielding a +0 club.
You barely miss the kobold. The ball python bites you.
* * * LOW HITPOINT WARNING * * *
The ball python grabs you. The ball python constricts you.
The kobold barely misses you.
Casting: Magic Dart (safe; 9% risk of failure)
Confirm with . or Enter, or press ? or * to list all spells.
Aiming: Magic Dart (safe; 9% risk of failure)
Press: ? - help, Shift-Dir - straight line, f - kobold
Aim: a kobold, wielding a +0 club (100% to hit)
The magic dart hits the kobold.
The kobold is severely wounded.
The ball python bites you.
You die...

_. #...##........#
#.h##..##........#
#:h..............#.
#.####h#.>.........
#h##..........
#g##..>......#
#g##.)......##
#.S#...K....#
##@#...l.....#
#K#..........
#.####l...... ...
.##.### ##. #. .#
#. . ..


You could see 2 jackals, a hobgoblin, a goblin, a ball python and a kobold.

Vanquished Creatures
  A ball python (D:1)
  A bat (D:2)
  A giant cockroach (D:1)
3 creatures vanquished.

Notes
Turn   | Place    | Note
-------+----------+-------------------------------------------
     0 | D:1      | pokeman the Deep Elf Hedge Wizard began the quest for the
                  | Orb.
     0 | D:1      | Reached XP level 1. HP: 10/10 MP: 7/7
    93 | D:1      | You fall into a shaft and drop 1 floor!
   107 | D:1      | Found a faded altar of an unknown god.
   114 | D:1      | Slain by a ball python

Illustrated notes

Levels and vault maps discovered:
D:1:      dpeg_arrival_lava_temple_mockup, layout_rooms, basic_ecumenical_altar,
          serial_shops, nicolae_shop_behind_doors, kennysheep_nondescript
D:2:      layout_loops_ring

Action                   || total
-------------------------++-------
Melee: Dagger            ||     1
 Cast: Magic Dart        ||     9
Armor: Robe              ||     1
Dodge: Dodged            ||    10

Table legend: (Time is in decaauts)
 A = Elapsed time spent in this place.
 B = Non-inter-level travel time spent in this place.
 C = Inter-level travel time spent in this place.
 D = Time resting spent in this place.
 E = Time spent auto-exploring this place.
 F = Levels seen in this place.
 G = Mean time per level.
                   A        B        C        D        E       F      G
               +--------+--------+--------+--------+--------+-----+--------+
         Total |    114 |    114 |      0 |      0 |     74 |   2 |   57.0 |
       Dungeon |    114 |    114 |      0 |      0 |     74 |   2 |   57.0 |
               +--------+--------+--------+--------+--------+-----+--------+

Top non-repeatable levels by time:
     D:1: 106 daAuts
     D:2: 7 daAuts
